Cogmind - Beta 9.4 @@@ ROGUE MODE // 2020.03.08 @ 18:14:42 // Halloween2019/Abominations Player: Ape Result: Destroyed by Lesser Abomination with Light EM Pulse Cannon Performance ------------- Evolutions (0) 0 Regions Visited (1) 200 Robots Destroyed (3) 15 Value Destroyed (126) 126 Prototype IDs (0) 0 Alien Tech Used (0) 0 Bonus (0) 0 TOTAL SCORE: 341 Bonus ------- None Cogmind --------- Core Integrity 0/250 Matter 216/300 Energy 250/250 System Corruption 1% Temperature Cool (9) Movement Treading (160) Location -10/Materials Parts ------- > --- POWER (1) -------- Ion Engine > --- PROPULSION (2) --- Light Treads Aluminum Leg > --- UTILITY (2) ------ Small Storage Unit > --- WEAPON (2) ------- Light Assault Rifle > --- INVENTORY (6) ---- Ion Engine Wheel Compact Wheel Small Storage Unit Peak State ------------ > --- POWER ------------ Ion Engine > --- PROPULSION ------- Light Treads Light Treads > --- UTILITY ---------- Small Storage Unit Small Storage Unit > --- WEAPON ----------- Assault Rifle Light Assault Rifle > --- INVENTORY -------- Ion Engine Aluminum Leg Aluminum Leg Wheel Compact Wheel Assault Rifle [Rating: 7] Favorites ----------- Power Ion Engine Engine Ion Engine Propulsion Light Treads Treads Light Treads Leg Aluminum Leg Utility Small Storage Unit Storage Small Storage Unit Protection Light Armor Plating Weapon Light Assault Rifle Ballistic Gun Light Assault Rifle Build | -11 -10 ------- Run | Scr Mat Slots Evolved . | . . Power . | . . Propulsion . | . . Utility . | . . Weapon . | . . Parts Attached 10 | 7 3 Power 1 | 1 . Engine 1 | 1 . Core . | . . Reactor . | . . Propulsion 3 | 2 1 Treads 2 | 2 . Leg 1 | . 1 Wheel . | . . Hover . | . . Flight . | . . Utility 3 | 2 1 Device . | . . Storage 2 | 2 . Processor . | . . Hackware . | . . Protection 1 | . 1 Artifact . | . . Weapon 3 | 2 1 Energy Gun . | . . Energy Cannon . | . . Ballistic Gun 3 | 2 1 Ballistic Cannon . | . . Launcher . | . . Special Weapon . | . . Impact Weapon . | . . Slashing Weapon . | . . Piercing Weapon . | . . Special Melee Weapon . | . . Unidentified Prototypes . | . . Parts Lost 4 | . 4 Power . | . . Propulsion 1 | . 1 Utility 1 | . 1 Weapon 2 | . 2 Highest Loss Streak 3 | . 3 Average Slot Usage (%) 96 | . 96 Engine 14 | . 14 Treads 25 | . 25 Leg 2 | . 2 Storage 23 | . 23 Protection 2 | . 2 Ballistic Gun 26 | . 26 Naked Turns . | . . Heaviest Build 16 | 16 16 Greatest Support 40 | 40 40 Greatest Overweight (x) 1 | 1 . Average Overweight (x) . | . . Largest Inventory Capacity 8 | 8 8 Average Capacity 6 | 6 7 Most Carried 7 | 6 7 Average Carried 5 | 4 5 Final Capacity 8 | 8 6 Final Carried 6 | 6 4 Class Distribution -------------------- 100% | Mutant Dominant Class ---------------- Mutant | -10/Materials Resources | -11 -10 ----------- Run | Scr Mat Matter Collected 298 | 267 31 Remotely . | . . Salvage Created 141 | 54 87 Parts 4 | 2 2 Haulers Intercepted . | . . Recyclers Shooed . | . . Parts Field Recycled . | . . Retrieved Matter . | . . Parts Self-Destructed . | . . Prevented . | . . Kills | -11 -10 ------- Run | Scr Mat Combat Hostiles Destroyed 2 | . 2 Guns 2 | . 2 Classes Destroyed 2 | 1 1 Recycler 1 | 1 . Abomination 2 | . 2 Best Kill Streak 1 | 1 1 Combat Bots Only 1 | . 1 Max Kills in Single Turn 1 | 1 1 Gunslinging . | . . Exploded . | . . Melee . | . . Uniques/NPCs Destroyed . | . . Combat | -11 -10 -------- Run | Scr Mat Damage Taken 1485 | . 1485 Core 262 | . 262 Absorbed by Shields . | . . Core Remaining (%) 100 | 100 . Volleys Fired 36 | 2 34 Largest 2 | 2 2 Hottest 40 | 40 40 Shots Fired 58 | 4 54 Gun 58 | 4 54 Cannon . | . . Launcher . | . . Special . | . . Kinetic 58 | 4 54 Thermal . | . . Explosive . | . . Electromagnetic . | . . Robot Hit Streak 10 | 3 10 Robot Miss Streak 2 | . 2 Penetration Max . | . . Secondary Targets 1 | . 1 Max Gunslinging Chain 1 | . 1 Shots Hit Robots 46 | 3 43 Core Hits 17 | 2 15 Critical Hits 1 | . 1 Critical Kills . | . . Critical Parts Destroyed 1 | . 1 Melee Attacks . | . . Impact . | . . Slashing . | . . Piercing . | . . Sneak Attacks . | . . Combat Hostiles . | . . Follow-up Attacks . | . . Damage Inflicted 453 | 29 424 Guns 453 | 29 424 Cannons . | . . Explosions . | . . Melee . | . . Ramming . | . . Kinetic 453 | 29 424 Thermal . | . . Explosive . | . . Electromagnetic . | . . Impact . | . . Slashing . | . . Piercing . | . . Highest Corruption 1 | . 1 Average Corruption 1 | . 1 Corruption Purged . | . . Overload Shots . | . . Overflow Damage . | . . Projectiles . | . . Explosions . | . . Melee . | . . Knockbacks . | . . Impact . | . . Kinetic . | . . Secondary . | . . Self-Inflicted Damage . | . . Shots . | . . Rammed . | . . Targets Rammed . | . . Kicked . | . . Crushed . | . . Highest Temperature 31 | . 31 Average Temperature 12 | . 12 Received Heat Transfer 231 | . 231 Siege Activations . | . . Robots Corrupted . | . . Combat Hostiles . | . . Parts Fried . | . . Impact Corruptions . | . . Robots Melted . | . . Combat Hostiles . | . . Parts Melted . | . . Heat Transferred . | . . Parts Sabotaged . | . . Parts Stolen . | . . Parts Stripped . | . . Power Chain Reactions . | . . Missiles Intercepted . | . . Alert | -11 -10 ------- Run | Scr Mat Peak Influence 33 | 5 33 Average Influence 15 | . 19 Maximum Alert Level . | . . Low Security (%) 100 | 100 100 Level 1 . | . . Level 2 . | . . Level 3 . | . . Level 4 . | . . Level 5 . | . . High Security . | . . Max Security . | . . Squads Dispatched 2 | . 2 Investigation 2 | . 2 Extermination . | . . Reinforcement . | . . Assault . | . . Garrison . | . . Intercept . | . . Construction Impeded . | . . Haulers Reinforced . | . . Stealth | -11 -10 --------- Run | Scr Mat Distress Signals . | . . Communications Jammed . | . . Distress Signals . | . . Times Spotted 8 | . 8 Peak Tracking Total 6 | . 6 Tactical Retreats . | . . Traps | -11 -10 ------- Run | Scr Mat Traps Triggered . | . . Indirectly . | . . Trap Hack Attempts . | . . Triggered . | . . Disarmed . | . . Reprogrammed . | . . Reused . | . . Traps Extracted . | . . Installed . | . . Triggered . | . . Machines | -11 -10 ---------- Run | Scr Mat Machines Disabled . | . . Max in Single Turn . | . . Machines Sabotaged . | . . Garrisons Compromised . | . . Overloaded Fab Kills . | . . Fab Network Shutdowns . | . . Hacking | -11 -10 --------- Run | Scr Mat Machines Accessed 1 | . 1 Terminals . | . . Fabricators . | . . Repair Stations . | . . Recycling Units 1 | . 1 Scanalyzers . | . . Garrison Access . | . . Total Hacks 1 | . 1 Successful 1 | . 1 Failed . | . . Catastrophic . | . . Database Lockouts . | . . Manual 1 | . 1 Terminals . | . . Fabricators . | . . Repair Stations . | . . Recycling Units 1 | . 1 Scanalyzers . | . . Garrison Access . | . . Terminal Hacks . | . . Fabricator Hacks . | . . Repair Station Hacks . | . . Recycling Unit Hacks . | . . Scanalyzer . | . . Garrison Access Hacks . | . . Unauthorized Hacks 2 | . 2 Terminals . | . . Fabricators . | . . Repair Stations . | . . Recycling Units 1 | . 1 Tunnel 1 | . 1 Scanalyzers . | . . Garrison Access . | . . Data Cores Recovered . | . . Used . | . . Hacking Detections . | . . Full Trace Events . | . . Feedback Events . | . . Feedback Blocked . | . . Robot Schematics Acquired . | . . Robots Built . | . . Matter . | . . Time . | . . Total Robot Build Rating . | . . Part Schematics Acquired . | . . Parts Built . | . . Matter . | . . Time . | . . Total Part Build Rating . | . . Parts Repaired . | . . Time . | . . Parts Recycled . | . . Recycled Matter . | . . Retrieved Matter . | . . Retrieved Components . | . . Parts Scanalyzed . | . . Part Schematics Acquired . | . . Parts Damaged . | . . Bothacking | -11 -10 ------------ Run | Scr Mat Used RIF Installer . | . . Robots Hacked . | . . Non-combat . | . . Combat . | . . Robot Hacks Applied . | . . Relay Couplers Released . | . . Robots Rewired . | . . Allies Hacked . | . . Hacks Repelled . | . . Allies | -11 -10 -------- Run | Scr Mat Total Allies . | . . Largest Group . | . . Highest-Rated Group . | . . Highest-Rated Ally . | . . Total Orders . | . . Ally Attacks . | . . Total Damage . | . . Kills . | . . Allies Corrupted . | . . Allies Melted . | . . Intel | -11 -10 ------- Run | Scr Mat Robot Analysis Total . | . . Derelict Logs Recovered . | . . Drone Launches . | . . Drone Recoveries . | . . Exploration | -11 -10 ------------- Run | Scr Mat Turns Passed 325 | 68 257 Spaces Moved 141 | 34 107 Core 9 | 9 . Treads 132 | 25 107 Legs . | . . Wheels . | . . Hover . | . . Flight . | . . Fastest Speed 50 | 50 160 Average Speed 154 | 138 160 Slowest Speed 160 | 160 160 Overloaded Moves . | . . Propulsion Burnouts . | . . Robots Hopped . | . . Cave-ins Triggered . | . . Exploration Rate (%) 15 | 5 26 Regions Visited 1 Branch Regions . Pre-discovered Areas 1 | . 1 Known Exits Taken . | . . Unknown Exits Taken 1 | 1 . Scrap Searched . | . . Spaces Dug . | . . Terrain Destroyed . | . . Melee . | . . Projectile . | . . AOE . | . . Actions | -11 -10 --------- Run | Scr Mat Total 194 | 49 145 Wait . | . . Move 140 | 33 107 Hop . | . . Pick Up 8 | 7 1 Fast Attach 6 | 6 . Attach 3 | 1 2 Detach . | . . Swap 1 | . 1 Drop . | . . Fire 36 | 2 34 Melee . | . . Ram . | . . Kick . | . . Crush . | . . Escape Stasis . | . . Rewire . | . . Trap . | . . Miscellaneous . | . . Route ------- -11/Scrapyard -10/Materials (discovered 1 exit: [*Mat]) History --------- Turn | Location | Event 19 | -11/Scrapyard | Discovered new exit (range 15) 69 | -11/Scrapyard | Entered Materials 185 | -10/Materials | Discovered new exit (range 13) 307 | -10/Materials | Build established: Mutant 314 | -10/Materials | Core integrity fell below 50% 324 | -10/Materials | Core integrity fell below 20% 326 | -10/Materials | Destroyed by Lesser Abomination with Light EM Pulse Cannon Last Messages --------------- 00313_ Lesser Abomination feeds off Hungry Anomaly, taking Ion Engine, Wheel. 00313_ Lesser Abomination spits out Sml. Matter Pod. 00313_ Lesser Abomination feeds off Hungry Anomaly, taking Med. Matter Pod, Hover Unit. 00313_ Hungry Anomaly eats Sml. Matter Pod. 00314_ Lesser Abomination spits out Sml. Storage Unit. 00314_ Lesser Abomination feeds off Hungry Anomaly, taking Hcp. Storage Unit. 00314_ Parts repaired by Paradox Anomaly. 00314_ Hungry Anomaly eats Sml. Storage Unit. 00315_ Minor Abomination spits out Sml. Storage Unit. 00315_ Minor Abomination feeds off Hungry Anomaly, taking Lgt. Ion Engine, Med. Storage Unit. 00315_ Lesser Abomination feeds off Hungry Anomaly, taking Lgt. EM Pulse Cannon. 00315_ Parts repaired by Paradox Anomaly. 00318_ Lesser Abomination sheds EM Anomaly. 00325_ The unstable cave ceiling collapses. 00326_ Lesser Abomination destroyed. Map ----- +----------------------------------------------------+ | ?????????????????????????????????????????????????? | | ?????????????????????????????????????????????????? | | ?????????????????????????????????????????????????? | | ?????????????????????????????????????????????????? | | ??????????????#??????????????????????????????????? | | ????????????? #??????????????????????????????????? | | ???????????? #??????????????????????????????????? | | ???????????? ####???????????????????????????????? | | ??????????? ##??????????????????????????????? | | ??????????? #??????????????????????????????? | | ####??##### #??????????????????????????????? | | #??# [ #??????????????????????????????? | | #### < #??????????????????????????????? | | ## # #???????????????????????????????? | | # #??????????????????????????????????? | | #??????????????????????????????????? | | % #??????????????????????????????????? | | #??????##############??????????????? | | # #??????# #?????????????? | | ##?##### #?????????????? | | ## # # """ """ """ #?????????????? | | # ##+######### """ """ """ #?????????????? | | ## ## | # """ """ """ ??????????????? | | ### #### " # ??#######???????? | | ######+#### " ### ##+##### #???????? | | ?# # " % + @ %A ######### | | ?# # ## A # | | ?# """ #% # | | ?# """"" ### """""""# ## ######## #######?? | | ?# """"" + #?????## ########?? | | ?# """"" ## n #??????# # #?? | | ?# """ ## ##+##########+##??????# # #?? | | ?# ## ## ???????? ???????# + #?? | | ?# ## ## [[ ?????? ???????# # #?? | | ?#######+## # [[ |#???? ??????# # #?? | | ?????# # #????? ??????# #? #?? | | ?????# # #????? ??????#####?######?? | | ########+## # ] #????? ??????????????????? | | % #############????? ??????????????????? | | #?????????????????? ???????????????????? | | """ """ #??????????????????????????????????????? | | """ """ #??????????????????????????????????????? | | """ """ #??????????????????????????????????????? | | ?##########??????????????????????????????????????? | | | | | | | | | | | | | +----------------------------------------------------+ Best States ------------- Heat Dissipation 25 Energy Generation 10 Energy Capacity 250 Matter Stores 300 Matter Capacity 300 Sight Range 16 Terrain Scan Density 10 Armor Coverage 150 Evasion (%) 40 Recoil Reduction 2 Item Schematics ----------------- None Robot Schematics ------------------ None Fabricated ------------ Nothing Alien Tech Used ----------------- None Achievements -------------- None Challenges ------------ None Game ------ Seed TerrainPulseMediator Manual? 0 Play Time 00:07:38 Cumulative 191.3 hours Start 2020.03.08 @ 18:10:35 End 2020.03.08 @ 18:14:42 Sessions 1 Manual Loads 0 Difficulty Rogue Special Mode Halloween2019/Abominations Game No. 93 Rogue 93 Adventurer 0 Explorer 0 Win Type - Total 10 Types 6/0/4/0/0/0/0 Lore% 73 Gallery% 81 Achievement% 60 Wizard Run 0 Options --------- ASCII 1 Keyboard 1 Movement Numpad Keybinds 0 Fullscreen 2 Font 36/TerminusFine Map View 76x50 Tactical HUD 1 Map Filters NONE Filters NONE Steam 1 RUN: b3706c38-14e6-498b-836e-f6fbfa5007db